AoeStats
← Sheeps

Glade

510905718Analyzed
1v1 RM · 11h ago on Oct 3, 2026· 44m 42s· 2 players
Game mode
Random Map
Map size
Tiny (2 player)
Population
200
Speed
Normal
Resources
Standard
Victory
Conquest
Starting age
Dark Age
Ending age
Imperial Age
RankedLock teamsTeams togetherTeam positionsShared explorationLock speedFull tech treeHidden civsTurbo modeCheats
Victory
Defeat
🇨🇦 Danes · Canada
1043
+17
🇨🇳 Jurchens · China
1074
-17
Sheeps
7:12 Loom
9:36 Feudal Age
9:44 Man-at-Arms
10:20 Double-Bit Axe
11:34 Horse Collar
12:28 Arson
16:55 Wheelbarrow
20:05 Castle Age
18:49 Scale Mail Armor
19:00 Forging
18:47 Gold Mining
18:47 Stone Mining
19:05 Stone Mining
22:05 Chain Mail Armor
22:05 Fletching
23:28 Town Watch
24:02 Bow Saw
26:28 Ballistics
31:31 Heavy Plow
33:18 Bodkin Arrow
34:32 Hand Cart
35:28 Scale Barding Armor
36:00 Iron Casting
39:16 Imperial Age
38:20 Town Patrol
37:58 Hamask
40:26 Conscription
40:10 Capped Ram
42:04 Chain Barding Armor
42:27 Heavy Scorpion
44:34 Plate Mail Armor
平安喜乐
7:40 Loom
10:06 Feudal Age
14:42 Castle Age
13:35 Double-Bit Axe
14:57 Horse Collar
20:02 Heavy Plow
22:32 Fletching
23:19 Bodkin Arrow
24:40 Gold Mining
25:45 Ballistics
27:12 Bloodlines
27:02 Husbandry
27:39 Scale Barding Armor
27:02 Light Cavalry
28:08 Masonry
29:47 Chain Barding Armor
31:24 Forging
35:28 Imperial Age
36:18 Siege Engineers
37:38 Wheelbarrow
38:55 Bow Saw
39:41 Town Watch
41:27 Chemistry
41:05 Architecture
41:18 Hoardings
40:53 Fortified Bastions
Connection lost

Rejoining the realm…

Still unreachable

The connection could not be restored.

Session expired

The server has moved on; the page needs a fresh start.